 Dungeon Crawl Stone Soup version 0.31-a0-948-gf5be29c462 (webtiles) character file.

Game seed: 11567581754225384281

20 Nedwor the Cutter (level 2, -7/23 HPs)
             Began as a Demonspawn Gladiator on Oct 21, 2023.
             Mangled by an ogre
             ... wielding a +0 giant spiked club
              (30 damage)
             ... on level 4 of the Dungeon.
             The game lasted 00:01:59 (1604 turns).

Nedwor the Cutter (Demonspawn Gladiator)            Turns: 1604, Time: 00:01:59

Health: -7/23      AC:  5    Str: 14    XL:     2   Next: 58%
Magic:  2/2        EV: 12    Int:  9    God:
Gold:   72         SH:  0    Dex: 14    Spells: 1/1 levels left

rFire   . . .        a - +1 rapier
rCold   . . .        (no shield)
rNeg    . . .        b - +0 leather armour
rPois   .            c - +0 helmet
rElec   .            p - +0 cloak
rCorr   .            (no gloves)
SInv    .            (no boots)
Will    .....        (no amulet)
Stlth   +            (no ring)
HPRegen 0.23/turn    (no ring)
MPRegen 0.08/turn

%: no passive effects
@: no status effects
A: powered by pain 1
a: no special abilities


You were on level 4 of the Dungeon.
You visited 1 branch of the dungeon, and saw 3 of its levels.

You collected 72 gold pieces.

Inventory:

Hand Weapons
 a - a +1 rapier (weapon)
Missiles
 d - 3 throwing nets (quivered)
 e - a javelin
Armour
 b - a +0 leather armour (worn)
 c - a +0 helmet (worn)
 p - a +0 cloak (worn)
Scrolls
 g - 2 scrolls of amnesia
 h - a scroll of torment {unknown}
Potions
 f - a potion of curing
 k - a potion of resistance {unknown}
 o - a potion of haste {unknown}


   Skills:
 + Level 2.3 Fighting
 * Level 3.1 Short Blades
 - Level 1.7 Throwing
 + Level 2.9 Dodging


You had one spell level left.
You didn't know any spells.
Your spell library was empty.

Dungeon Overview and Level Annotations

Branches:
Dungeon (2/15)

Altars:


Innate Abilities, Weirdness & Mutations

You sometimes gain a little power by taking damage.


Message History

The orc moves out of view.
An orc is nearby!
An orc is nearby!
You puncture the orc!
You kill the orc!
No target in view!
No target in view!
No target in view!
No target in view!
No target in view!
No target in view!
No target in view!
No target in view!
No target in view!
No target in view!
No target in view!
No target in view!
No target in view!
No target in view!
Things that are here:
a +0 hand axe; an orc corpse An ogre comes into view.
It is wielding a +0 giant spiked club.
An ogre is nearby!
The ogre shouts!
The ogre closely misses you.
You hit the ogre.
The ogre is lightly wounded.
You hit the ogre.
The ogre is moderately wounded.
The ogre closely misses you.
You hit the ogre.
The ogre is moderately wounded.
The ogre barely misses you.
You hit the ogre.
The ogre is heavily wounded.
You hit the ogre but do no damage.
The ogre is heavily wounded.
The ogre hits you with a +0 giant spiked club!!
Ouch! That really hurt!
You die...

#.###.
##.#######..##.
#...#.....#.##.##
#...#.###.#..#..##
#...#.#
#.##.##..##
#...#.#
#.##......###
#...#.#
#............
#...#.#
#######.#.##.
#...@.# ###.#.)..
#..O### #...####.
#... #.######.
#... #.....##.
#... #####.##.
#... #.##. #...
#.##. #... #....
#####


You could see an ogre.

Vanquished Creatures
  A worm (D:2)
  An orc (D:4)
  A ball python (D:1)
  A giant cockroach (D:1)
  4 goblins
  2 hobgoblins
  A jackal (D:2)
  2 bats
13 creatures vanquished.

Notes
Turn   | Place    | Note
-------+----------+-------------------------------------------
     0 | D:1      | Nedwor the Demonspawn Gladiator began the quest for the
                  | Orb.
     0 | D:1      | Reached XP level 1. HP: 16/16 MP: 1/1
  1276 | D:1      | Reached skill level 3 in Short Blades
  1433 | D:2      | Gained mutation: You sometimes gain a little power by
                  | taking damage. [demonic ancestry]
  1433 | D:2      | Reached XP level 2. HP: 22/22 MP: 2/2
  1532 | D:2      | You fall into a shaft and drop 2 floors!
  1597 | D:4      | Noticed an ogre
  1604 | D:4      | Mangled by an ogre

Illustrated notes

Levels and vault maps discovered:
D:1:      dpeg_arrival_rooms_with_view, layout_loops_ring,
          corexii_item_surrounded_by_moat
D:2:      layout_basic, serial_shops, nicolae_shop_statue_plus,
          minmay_box_of_dots
D:4:      layout_basic, vehumet_crystals, hellmonk_no_cap

Skill      XL: |  1 |
---------------+----+-----
Short Blades   | 3 |  3.1
Fighting       | |  2.3
Throwing       | |  1.7
Dodging        | |  2.9

Action                     || total
---------------------------++-------
  Melee: Rapier            ||    39
    Use: Scroll            ||     7
   Stab: Sleeping          ||     2
 Armour: Leather armour    ||    22
  Dodge: Dodged            ||    20

Table legend: (Time is in decaauts)
 A = Elapsed time spent in this place.
 B = Non-inter-level travel time spent in this place.
 C = Inter-level travel time spent in this place.
 D = Time resting spent in this place.
 E = Time spent auto-exploring this place.
 F = Levels seen in this place.
 G = Mean time per level.
                   A        B        C        D        E       F      G
               +--------+--------+--------+--------+--------+-----+--------+
         Total |   1605 |   1583 |     22 |    606 |    847 |   3 |  535.0 |
       Dungeon |   1605 |   1583 |     22 |    606 |    847 |   3 |  535.0 |
               +--------+--------+--------+--------+--------+-----+--------+

Top non-repeatable levels by time:
     D:1: 1409 daAuts
     D:2: 124 daAuts
     D:4: 71 daAuts
